 Dungeon Crawl Stone Soup version 0.22.1-1-ga44c0e5 (webtiles) character file.

4445 theblackcape the Fighter (level 10, 0/85 HPs)
             Began as a Gnoll Wanderer on Oct 16, 2018.
             Was a Follower of Ashenzari.
             Succumbed to Erica's bolt of poison
             ... on level 9 of the Dungeon.
             The game lasted 00:34:33 (9344 turns).

theblackcape the Fighter (Gnoll Wanderer)           Turns: 9344, Time: 00:34:34

Health: 0/85       AC: 10    Str: 18    XL:     10   Next: 37%
Magic:  17/17      EV: 14    Int: 15    God:    Ashenzari [*.....]
Gold:   506        SH:  0    Dex: 14    Spells: 19/19 levels left

rFire    + + .     SeeInvis .   M - +5 battleaxe
rCold    x . .     Gourm    .   (shield currently unavailable)
rNeg     . . .     Faith    .   c - +0 ring mail
rPois    .         Spirit   .   p - +0 helmet
rElec    .         Reflect  .   E - +0 cloak
rCorr    .         Harm     .   n - +1 pair of gloves
MR       .....                  (no boots)
Stlth    ++........             h - amulet of magic regeneration (curse)
HPRegen  0.24/turn              o - ring of fire (curse)
MPRegen  0.40/turn              w - ring of protection from fire (curse)

@: lethally poisoned (0 -> -2), slowed, drained, very slow
A: distributed training, fangs 1, strong nose
a: Curse Item, Scrying, Renounce Religion


You were on level 9 of the Dungeon.
You worshipped Ashenzari.
Ashenzari was aware of your devotion.
You were hungry.

You visited 1 branch of the dungeon, and saw 9 of its levels.

You collected 506 gold pieces.

Inventory:

Hand Weapons
 t - a +0 lajatang
 F - a +0 mace of protection
 M - a +5 battleaxe (weapon)
Missiles
 N - 4 silver tomahawks (quivered)
Armour
 c - a +0 ring mail (worn)
 n - a +1 pair of gloves (worn)
 p - a +0 helmet (worn)
 E - a +0 cloak (worn)
 I - a cursed +0 leather armour
Jewellery
 a - an uncursed amulet of faith
 h - a cursed amulet of magic regeneration (around neck)
 o - a cursed ring of fire (left hand)
 w - a cursed ring of protection from fire (right hand)
Wands
 r - a wand of acid (3)
 A - a wand of flame (83)
 G - a wand of random effects (82)
 K - a wand of paralysis (25)
Scrolls
 b - 3 scrolls of teleportation
 e - 7 scrolls of identify
 g - 2 scrolls of enchant armour
 i - 2 scrolls of enchant weapon
 k - 3 scrolls of remove curse
 l - a scroll of amnesia {unknown}
 m - 2 scrolls of noise
 q - 2 scrolls of blinking
 y - 2 scrolls of magic mapping {unknown}
 C - 2 scrolls of random uselessness {unknown}
 J - a scroll of torment {unknown}
Potions
 f - a potion of curing
 j - a potion of heal wounds
 s - a potion of might {unknown}
 u - 2 potions of flight {unknown}
 v - 2 potions of ambrosia
 z - a potion of agility
 B - 2 potions of lignification {unknown}
 D - a potion of magic {unknown}
 H - a potion of berserk rage {unknown}
 L - a potion of brilliance {unknown}
Comestibles
 d - 16 rations
 x - 3 chunks of flesh


   Skills:
 + Level 9.9(9.3) Fighting
 + Level 5.1(4.5) Short Blades
 + Level 5.1(4.5) Long Blades
 + Level 5.8(5.2) Axes
 + Level 5.1(4.5) Maces & Flails
 + Level 5.1(4.5) Polearms
 + Level 5.1(4.5) Staves
 + Level 5.1(4.5) Slings
 + Level 5.1(4.5) Bows
 + Level 5.1(4.5) Crossbows
 + Level 5.1(4.5) Throwing
 + Level 5.8(5.2) Armour
 + Level 6.9(6.3) Dodging
 + Level 5.7(5.1) Stealth
 + Level 5.1(4.5) Shields
 + Level 5.1(4.5) Unarmed Combat
 + Level 5.1(4.5) Spellcasting
 + Level 4.2(3.6) Conjurations
 + Level 4.2(3.6) Hexes
 + Level 4.2(3.6) Charms
 + Level 4.2(3.6) Summonings
 + Level 4.2(3.6) Necromancy
 + Level 4.2(3.6) Translocations
 + Level 4.2(3.6) Transmutations
 + Level 4.2(3.6) Fire Magic
 + Level 4.2(3.6) Ice Magic
 + Level 4.2(3.6) Air Magic
 + Level 4.2(3.6) Earth Magic
 + Level 4.2(3.6) Poison Magic
 + Level 5.6(5.0) Invocations
 + Level 5.8(5.2) Evocations


You had 19 spell levels left.
You didn't know any spells.
Your spell library contained the following spells:

 Spells                   Type           Power        Failure   Level  Hunger
 Beastly Appendage        Tmut           ##....       6%          1    None
 Magic Dart               Conj           ##..         6%          1    None
 Blink                    Tloc           N/A          10%         2    ##.....
 Call Imp                 Summ           ##......     10%         2    ##.....
 Slow                     Hex            ##......     10%         2    ##.....
 Sticks to Snakes         Tmut           ##......     10%         2    ##.....
 Conjure Flame            Conj/Fire      ###.....     19%         3    ###....
 Mephitic Cloud           Conj/Pois/Air  ##......     19%         3    ###....
 Spider Form              Tmut/Pois      ##........   19%         3    ###....
 Ice Form                 Ice/Tmut       ##......     54%         4    ####...
 Blade Hands              Tmut           ##........   87%         5    ######.


Dungeon Overview and Level Annotations

Branches:
Dungeon (9/15)             Temple (0/1) D:7
   Lair: D:8-11         Orc: D:9-12

Altars:
Ashenzari
Cheibriados
Dithmenos
Elyvilon
Hepliaklqana
Ru
Sif Muna
Trog
Uskayaw
Vehumet
Xom
Yredelemnul
Zin
The Shining One

Shops:
D:8 }

Annotations:
D:3 1 runed door, imbaray's ghost, amateur TrMo
D:8 Prince Ribbit


Innate Abilities, Weirdness & Mutations

Your experience applies equally to all skills.
You have very sharp teeth.
Your uncanny sense of smell can sniff out nearby items.


Message History

Unknown command.
Aiming: Corrosive Bolt
Press: ? - help, Shift-Dir - straight line, f/p - Erica
Aim: Erica, wielding a scimitar of flaming and wearing a robe (almost dead)
The bolt of acid hits Erica.
Erica is splashed with acid.
The acid corrodes Erica!
You kill Erica!
Your base Short Blades skill increases to level 5!
Your base Long Blades skill increases to level 5!
Your base Maces & Flails skill increases to level 5!
Your base Polearms skill increases to level 5!
Your base Staves skill increases to level 5!
Your base Slings skill increases to level 5!
Your base Bows skill increases to level 5!
Your base Crossbows skill increases to level 5!
Your base Throwing skill increases to level 5!
Your base Shields skill increases to level 5!
Your base Unarmed Combat skill increases to level 5!
Your base Spellcasting skill increases to level 5!
You die...

......#..##
.#####....# .#
#.#.## ##.# #.#.#
### ∆#.. #...# #..
... #.### #.# #.#
#.# #.# #)# #.#
#.# #@# #.# #.#
######.### #.# #.#
........[)# #.#
#.# #######.#.#
#.#######.#
#.#.####.##......#
#.#......##.######
#.######.##.# #.#
#.##)# #.# #.##.#


There were no monsters in sight!

Vanquished Creatures
  Erica (D:9)
  2 wyverns
  Eustachio (D:5)
  Menkaure (D:5)
  Duvessa (D:5)
  A black bear (D:7)
  3 phantoms (D:4)
  An orc warrior (D:9)
  A sky beast (D:6)
  4 ogres
  A centaur (D:7)
  2 bullfrogs
  A gnoll sergeant (D:5)
  Dowan (D:5)
  2 wyvern skeletons
  A scorpion (D:8)
  6 killer bees
  An electric eel (D:6)
  10 wights
  3 howler monkeys
  A bullfrog zombie (D:8)
  2 crimson imps
  3 hounds
  3 jellies (D:8)
  Crazy Yiuf (D:5)
  2 bullfrog skeletons
  3 orc wizards
  2 iguanas
  6 worker ants
  A statue (D:8)
  A hound skeleton (D:5)
  A worker ant zombie (D:6)
  6 gnolls
  5 adders
  A shadow imp (D:9)
  6 oozes
  An adder skeleton (D:5)
  An adder zombie (D:6)
  6 worms
  5 dart slugs
  3 leopard geckos
  8 orcs
  3 giant cockroaches
  6 goblins
  7 hobgoblins
  9 jackals
  4 kobolds
  A quokka (D:7)
  6 bats
  8 frilled lizards
  A leopard gecko skeleton (D:5)
  A quokka skeleton (D:6)
  5 rats
  A butterfly (D:6)
164 creatures vanquished.

Vanquished Creatures (others)
  An adder (D:6)
  A quokka (D:6)
2 creatures vanquished.

Grand Total: 166 creatures vanquished

Notes
Turn   | Place    | Note
-------+----------+-------------------------------------------
     0 | D:1      | theblackcape the Gnoll Wanderer began the quest for the
                  | Orb.
     0 | D:1      | theblackcape set off with: a +2 hand axe, a scroll of
                  | teleportation, a +0 ring mail, a ration
     0 | D:1      | Reached XP level 1. HP: 26/26 MP: 2/2
    92 | D:1      | Reached XP level 2. HP: 33/33 MP: 3/3
   801 | D:2      | Reached XP level 3. HP: 38/38 MP: 4/4
   889 | D:2      | Reached skill level 1 in Invocations
   940 | D:2      | Reached skill level 1 in Short Blades
   940 | D:2      | Reached skill level 1 in Long Blades
   940 | D:2      | Reached skill level 1 in Maces & Flails
   940 | D:2      | Reached skill level 1 in Polearms
   940 | D:2      | Reached skill level 1 in Staves
   940 | D:2      | Reached skill level 1 in Slings
   940 | D:2      | Reached skill level 1 in Bows
   940 | D:2      | Reached skill level 1 in Crossbows
   940 | D:2      | Reached skill level 1 in Throwing
   940 | D:2      | Reached skill level 1 in Shields
   940 | D:2      | Reached skill level 1 in Unarmed Combat
   940 | D:2      | Reached skill level 1 in Spellcasting
   948 | D:2      | Reached XP level 4. HP: 36/45 MP: 6/6
  1195 | D:2      | Found a bloodstained altar of Trog.
  1310 | D:2      | Found a hide-covered altar of Uskayaw.
  1543 | D:3      | Found a runed door.
  1676 | D:3      | Found a shadowy altar of Dithmenos.
  1760 | D:3      | Found a transporter.
  1779 | D:3      | Found a transporter.
  2205 | D:3      | Reached skill level 1 in Conjurations
  2205 | D:3      | Reached skill level 1 in Hexes
  2205 | D:3      | Reached skill level 1 in Charms
  2205 | D:3      | Reached skill level 1 in Summonings
  2205 | D:3      | Reached skill level 1 in Necromancy
  2205 | D:3      | Reached skill level 1 in Translocations
  2205 | D:3      | Reached skill level 1 in Transmutations
  2205 | D:3      | Reached skill level 1 in Fire Magic
  2205 | D:3      | Reached skill level 1 in Ice Magic
  2205 | D:3      | Reached skill level 1 in Air Magic
  2205 | D:3      | Reached skill level 1 in Earth Magic
  2205 | D:3      | Reached skill level 1 in Poison Magic
  2238 | D:3      | Noticed an ogre
  2246 | D:3      | Killed an ogre
  2246 | D:3      | Reached XP level 5. HP: 38/51 MP: 7/7
  2473 | D:3      | Noticed imbaray's ghost (amateur TrMo)
  2529 | D:3      | Reached XP level 6. HP: 37/57 MP: 8/8
  2797 | D:4      | Found a shattered altar of Ashenzari.
  2866 | D:4      | Became a worshipper of Ashenzari the Shackled
  2917 | D:4      | Noticed a phantom
  2928 | D:4      | Killed a phantom
  2928 | D:4      | Reached skill level 5 in Dodging
  2932 | D:4      | Noticed a phantom
  2963 | D:4      | Reached XP level 7. HP: 43/63 MP: 10/10
  3784 | D:5      | Entered Level 5 of the Dungeon
  3784 | D:5      | Noticed Eustachio
  3972 | D:5      | Reached skill level 9 in Fighting
  4182 | D:5      | Killed Eustachio
  4182 | D:5      | Reached XP level 8. HP: 61/71 MP: 12/12
  4388 | D:5      | Noticed Duvessa
  4389 | D:5      | Noticed Dowan
  4404 | D:5      | Killed Duvessa
  4408 | D:5      | Killed Dowan
  4886 | D:5      | Noticed Menkaure
  4891 | D:5      | Killed Menkaure
  4999 | D:5      | Found a runed door.
  5251 | D:5      | Noticed Crazy Yiuf
  5257 | D:5      | Killed Crazy Yiuf
  5314 | D:6      | Found a shimmering altar of Xom.
  5360 | D:6      | Reached * piety under Ashenzari
  5459 | D:6      | Reached XP level 9. HP: 55/76 MP: 14/14
  5529 | D:6      | Found a white marble altar of Elyvilon.
  5781 | D:6      | HP: 3/77 [poisoned by a killer bee]
  5786 | D:6      | HP: 2/77 [poisoned by a killer bee]
  5793 | D:6      | HP: 2/77 [poisoned by a killer bee]
  5801 | D:6      | HP: 2/77 [poisoned by a killer bee]
  6310 | D:6      | Found a glowing golden altar of the Shining One.
  6323 | D:6      | Found a basalt altar of Yredelemnul.
  6358 | D:6      | Found a glowing silver altar of Zin.
  6554 | D:6      | Found a deep blue altar of Sif Muna.
  6779 | D:6      | Noticed an angel
  6824 | D:7      | Found a sacrificial altar of Ru.
  6832 | D:7      | Found a hazy altar of Hepliaklqana.
  6856 | D:7      | Reached skill level 5 in Axes
  6856 | D:7      | Reached skill level 5 in Armour
  6856 | D:7      | Reached skill level 5 in Evocations
  6923 | D:7      | Found a staircase to the Ecumenical Temple.
  7495 | D:8      | Reached skill level 5 in Stealth
  7938 | D:8      | Reached skill level 5 in Invocations
  7954 | D:8      | Noticed Prince Ribbit
  8260 | D:8      | Found Johoucy's Gadget Shop.
  8342 | D:8      | Found a snail-covered altar of Cheibriados.
  8671 | D:8      | Found a bloodstained altar of Trog.
  8858 | D:8      | Found a radiant altar of Vehumet.
  8893 | D:8      | Reached XP level 10. HP: 66/84 MP: 17/17
  9330 | D:9      | Noticed Erica
  9343 | D:9      | HP: 1/85 [Erica/scimitar of flaming (5)]
  9344 | D:9      | Killed Erica
  9344 | D:9      | Reached skill level 5 in Short Blades
  9344 | D:9      | Reached skill level 5 in Long Blades
  9344 | D:9      | Reached skill level 5 in Maces & Flails
  9344 | D:9      | Reached skill level 5 in Polearms
  9344 | D:9      | Reached skill level 5 in Staves
  9344 | D:9      | Reached skill level 5 in Slings
  9344 | D:9      | Reached skill level 5 in Bows
  9344 | D:9      | Reached skill level 5 in Crossbows
  9344 | D:9      | Reached skill level 5 in Throwing
  9344 | D:9      | Reached skill level 5 in Shields
  9344 | D:9      | Reached skill level 5 in Unarmed Combat
  9344 | D:9      | Reached skill level 5 in Spellcasting
  9344 | D:9      | Succumbed to Erica's bolt of poison

Skill      XL: |  1  2  3  4  5  6  7  8  9 10 |
---------------+-------------------------------+-----
Invocations    | 1 2 3 4 5 |  5.6
Short Blades   | 1 2 3 4 5 |  5.1
Long Blades    | 1 2 3 4 5 |  5.1
Maces & Flails | 1 2 3 4 5 |  5.1
Polearms       | 1 2 3 4 5 |  5.1
Staves         | 1 2 3 4 5 |  5.1
Slings         | 1 2 3 4 5 |  5.1
Bows           | 1 2 3 4 5 |  5.1
Crossbows      | 1 2 3 4 5 |  5.1
Throwing       | 1 2 3 4 5 |  5.1
Shields        | 1 2 3 4 5 |  5.1
Unarmed Combat | 1 2 3 4 5 |  5.1
Spellcasting   | 1 2 3 4 5 |  5.1
Conjurations   | 1 2 3 4 |  4.2
Hexes          | 1 2 3 4 |  4.2
Charms         | 1 2 3 4 |  4.2
Summonings     | 1 2 3 4 |  4.2
Necromancy     | 1 2 3 4 |  4.2
Translocations | 1 2 3 4 |  4.2
Transmutations | 1 2 3 4 |  4.2
Fire Magic     | 1 2 3 4 |  4.2
Ice Magic      | 1 2 3 4 |  4.2
Air Magic      | 1 2 3 4 |  4.2
Earth Magic    | 1 2 3 4 |  4.2
Poison Magic   | 1 2 3 4 |  4.2
Axes           | 3 4 5 |  5.8
Armour         | 3 4 5 |  5.8
Evocations     | 3 4 5 |  5.8
Stealth        | 3 4 5 |  5.7
Dodging        | 5 6 |  6.9
Fighting       | 9 |  9.9

Action                   |  1- 3 |  4- 6 |  7- 9 | 10-12 || total
-------------------------+-------+-------+-------+-------++-------
Melee: Hand axe          |    95 |   158 |    30 |       ||   283
       Bite              |    10 |    20 |    81 |     9 ||   120
       Punch             |       |     1 |    17 |     2 ||    20
       Lajatang          |       |       |   163 |       ||   163
       Mace              |       |       |   432 |    79 ||   511
       Battleaxe         |       |       |       |    15 ||    15
Invok: Curse Item        |       |     1 |     1 |       ||     2
Evoke: Wand              |       |     2 |     4 |     3 ||     9
  Use: Scroll            |       |     4 |     8 |       ||    12
       Potion            |       |       |     6 |       ||     6
 Stab: Sleeping          |     1 |     2 |     5 |     2 ||    10
  Eat: Chunk             |       |     7 |     6 |     1 ||    14
       Ration            |       |       |     4 |       ||     4
Armor: Ring mail         |    28 |    58 |   361 |    26 ||   473
Dodge: Dodged            |    72 |    99 |   598 |    43 ||   812
